TOP OF THE 1ST |
St. Louis Cardinals batting - Pitching for San Francisco Giants : RHP Trevor Williams
|
Pitching: RHP Trevor Williams
|
|
Batting: SHB Ozzie Albies
|
0-0: Called Strike 0-1: Ball 1-1: DOUBLE (Line Drive, 89D, EV 106.9 MPH)
|
Batting: LHB Austin Meadows
|
0-0: Called Strike 0-1: SINGLE (Flyball, 8RS, EV 91.9 MPH) Ozzie Albies to third
|
Batting: LHB Juan Soto
|
0-0: Called Strike 0-1: Ball 1-1: Foul Ball, location: 2F 1-2: Foul Ball, location: 2F 1-2: Ball 2-2: Grounds into double play, 4-6-3 (Groundball, 4, EV 88.8 MPH) Ozzie Albies scores
|
Batting: RHB Alex Bregman
|
0-0: Ball 1-0: Foul Ball, location: 2F 1-1: Ball 2-1: Ball 3-1: Foul Ball, location: 2F 3-2: Base on Balls
|
Batting: LHB Matt Olson
|
0-0: Called Strike 0-1: Ball 1-1: Called Strike 1-2: Foul Ball, location: 2F 1-2: Ball 2-2: Ball 3-2: Foul Ball, location: 2F 3-2: Strikes out swinging
|
Top of the 1st over - 1 run, 2 hits, 0 errors, 1 left on base; St. Louis 1 - San Francisco 0 |
BOTTOM OF THE 1ST |
San Francisco Giants batting - Pitching for St. Louis Cardinals : RHP Lance Lynn
|
Pitching: RHP Lance Lynn
|
|
Batting: LHB Travis Jankowski
|
0-0: Ball 1-0: Foul Ball, location: 2F 1-1: Hit by Pitch
|
Batting: RHB Yairo Munoz
|
0-0: Called Strike 0-1: Called Strike 0-2: Foul Ball, location: 2F 0-2: Ball 1-2: Foul Ball, location: 2F 1-2: Ball 2-2: SINGLE (Groundball, 4MD, EV 108.1 MPH) (infield hit) Travis Jankowski to second
|
Batting: RHB Tim Anderson
|
0-0: Ball 1-0: Ball 2-0: Foul Ball, location: 2F 2-1: Reached on error, E5 (Groundball, 56, EV 111.3 MPH) Travis Jankowski to third Yairo Munoz to second
|
Batting: RHB Hunter Dozier
|
0-0: Foul Ball, location: 2F 0-1: Ball 1-1: Foul Ball, location: 2F 1-2: Ball 2-2: Strikes out swinging
|
Batting: RHB Welington Castillo
|
0-0: Ball 1-0: Ball 2-0: Ball 3-0: Called Strike 3-1: Foul Ball, location: 2F 3-2: Foul Ball, location: 2F 3-2: Foul Ball, location: 2F 3-2: Strikes out swinging
|
Batting: LHB Cavan Biggio
|
0-0: Called Strike 0-1: Ball 1-1: Ball 2-1: Swinging Strike 2-2: Foul Ball, location: 2F 2-2: Strikes out swinging
|
Bottom of the 1st over - 0 runs, 1 hit, 1 error, 3 left on base; St. Louis 1 - San Francisco 0 |
TOP OF THE 2ND |
St. Louis Cardinals batting - Pitching for San Francisco Giants : RHP Trevor Williams
|
Batting: SHB Yasmani Grandal
|
0-0: Foul Ball, location: 2F 0-1: Ball 1-1: Ball 2-1: Swinging Strike 2-2: Foul Ball, location: 2F 2-2: Ball 3-2: Base on Balls
|
Batting: SHB Cole Tucker
|
0-0: Ball 1-0: Foul Ball, location: 2F 1-1: Foul Ball, location: 2F 1-2: Foul Ball, location: 2F 1-2: Ball 2-2: Ball 3-2: Fly out, F8 (Line Drive, 8LM, EV 91.3 MPH)
|
Batting: LHB Brett Phillips
|
0-0: Swinging Strike 0-1: Ball 1-1: Ball 2-1: Grounds into double play, 6-4-3 (Groundball, 6MD, EV 99.4 MPH)
|
Top of the 2nd over - 0 runs, 0 hits, 0 errors, 0 left on base; St. Louis 1 - San Francisco 0 |
BOTTOM OF THE 2ND |
San Francisco Giants batting - Pitching for St. Louis Cardinals : RHP Lance Lynn
|
Batting: RHB Austin Slater
|
0-0: Called Strike 0-1: Ball 1-1: Ball 2-1: Fly out, F9 (Line Drive, 9D, EV 87.5 MPH)
|
Batting: LHB Daniel Palka
|
0-0: SOLO HOME RUN (Flyball, 8LXD, EV 107.5 MPH), Distance : 467 ft
|
Batting: RHB Trevor Williams
|
0-0: Ball 1-0: DOUBLE (Flyball, 8RD, EV 101.9 MPH)
|
Batting: LHB Travis Jankowski
|
0-0: SINGLE (Line Drive, 6D, EV 101.3 MPH) Trevor Williams to third
|
Batting: RHB Yairo Munoz
|
0-0: Called Strike 0-1: Ball 1-1: Swinging Strike 1-2: Foul Ball, location: 2F 1-2: Strikes out swinging Travis Jankowski steals 2nd base Batter strikes out.
|
Batting: RHB Tim Anderson
|
0-0: Swinging Strike 0-1: Fly out, F7 (Line Drive, 7D, EV 87.5 MPH)
|
Bottom of the 2nd over - 1 run, 3 hits, 0 errors, 2 left on base; St. Louis 1 - San Francisco 1 |
TOP OF THE 3RD |
St. Louis Cardinals batting - Pitching for San Francisco Giants : RHP Trevor Williams
|
Batting: SHB Lance Lynn
|
0-0: Ball 1-0: Called Strike 1-1: Foul Ball, location: 2F 1-2: Strikes out swinging
|
Batting: SHB Ozzie Albies
|
0-0: Ball 1-0: Ball 2-0: Foul Ball, location: 2F 2-1: Ball 3-1: Called Strike 3-2: Base on Balls
|
Batting: LHB Austin Meadows
|
0-0: Called Strike 0-1: Called Strike 0-2: Strikes out swinging
|
Batting: LHB Juan Soto
|
0-0: Ball 1-0: Ball 2-0: SINGLE (Line Drive, 4D, EV 96.3 MPH) Ozzie Albies to second Runner from 2nd tries for 3rd, SAFE, throw by RF made to third
|
Batting: RHB Alex Bregman
|
0-0: Called Strike 0-1: Ball 1-1: Ball 2-1: Ball 3-1: DOUBLE (Line Drive, 7LD, EV 114.4 MPH) Ozzie Albies scores Juan Soto to third Runner from 3rd tries for Home, SAFE, no throw by LF
|
Batting: LHB Matt Olson
|
0-0: Fly out, F8 (Flyball, 8RD, EV 97.5 MPH)
|
Top of the 3rd over - 2 runs, 2 hits, 0 errors, 1 left on base; St. Louis 3 - San Francisco 1 |
BOTTOM OF THE 3RD |
San Francisco Giants batting - Pitching for St. Louis Cardinals : RHP Lance Lynn
|
Batting: RHB Hunter Dozier
|
0-0: Foul Ball, location: 2F 0-1: Ball 1-1: Foul Ball, location: 2F 1-2: Ball 2-2: SINGLE (Line Drive, 9LS, EV 103.1 MPH)
|
Pitching: RHP Jorge Guzman
|
|
Batting: RHB Welington Castillo
|
0-0: Ball 1-0: Ball 2-0: Foul Ball, location: 2F 2-1: SINGLE (Groundball, 34, EV 101.9 MPH) Hunter Dozier to second Runner from 2nd tries for 3rd, SAFE, throw by RF made to third
|
Batting: LHB Cavan Biggio
|
0-0: Called Strike 0-1: Ball 1-1: Swinging Strike 1-2: Ball 2-2: Foul Ball, location: 2F 2-2: Foul Ball, location: 2F 2-2: Strikes out swinging
|
Batting: RHB Austin Slater
|
0-0: Ball 1-0: Ball 2-0: Called Strike 2-1: Foul Ball, location: 2F 2-2: Ball 3-2: Base on Balls Welington Castillo to second
|
Batting: LHB Daniel Palka
|
0-0: Ball 1-0: Ball 2-0: Foul Ball, location: 2F 2-1: Ball 3-1: Grounds into double play, 4-6-3 (Groundball, 4, EV 108.1 MPH)
|
Bottom of the 3rd over - 0 runs, 2 hits, 0 errors, 2 left on base; St. Louis 3 - San Francisco 1 |
TOP OF THE 4TH |
St. Louis Cardinals batting - Pitching for San Francisco Giants : RHP Trevor Williams
|
Batting: SHB Yasmani Grandal
|
0-0: Fly out, F9 (Flyball, 9LM, EV 98.8 MPH)
|
Batting: SHB Cole Tucker
|
0-0: Foul Ball, location: 2F 0-1: Ball 1-1: Ball 2-1: Ball 3-1: Base on Balls
|
Batting: LHB Brett Phillips
|
0-0: Ball 1-0: Foul Ball, location: 2F 1-1: Ball 2-1: Swinging Strike 2-2: Strikes out swinging
|
Batting: RHB Jorge Guzman
|
0-0: Called Strike 0-1: Fielders Choice at 2nd, 6-4 (Groundball, 56, EV 103.8 MPH)
|
Top of the 4th over - 0 runs, 0 hits, 0 errors, 1 left on base; St. Louis 3 - San Francisco 1 |
BOTTOM OF THE 4TH |
San Francisco Giants batting - Pitching for St. Louis Cardinals : RHP Jorge Guzman
|
Pinch Hitting: SHB Dexter Fowler
|
0-0: Ball 1-0: Foul Ball, location: 2F 1-1: Bunt for hit to 23 - play at first, batter safe!
|
Batting: LHB Travis Jankowski
|
0-0: Foul Ball, location: 2F 0-1: TRIPLE (Flyball, 78XD, EV 98.1 MPH) Dexter Fowler scores
|
Batting: RHB Yairo Munoz
|
0-0: Called Strike 0-1: Ground out 6-3 (Groundball, 6, EV 108.1 MPH) Travis Jankowski scores
|
Batting: RHB Tim Anderson
|
0-0: Fly out, F7 (Flyball, 7LM, EV 84.4 MPH)
|
Batting: RHB Hunter Dozier
|
0-0: Ball 1-0: Ball 2-0: Called Strike 2-1: Called Strike 2-2: SOLO HOME RUN (Flyball, 7D, EV 95.6 MPH), Distance : 407 ft
|
Pitching: RHP Lincoln Henzman
|
|
Batting: RHB Welington Castillo
|
0-0: Ground out 4-3 (Groundball, 4MD, EV 101.9 MPH)
|
Bottom of the 4th over - 3 runs, 3 hits, 0 errors, 0 left on base; St. Louis 3 - San Francisco 4 |
TOP OF THE 5TH |
St. Louis Cardinals batting - Pitching for San Francisco Giants : RHP Trevor Williams
|
Pitching: LHP Brandon Finnegan
|
|
Now at 3B: David Bote
|
|
Batting: SHB Ozzie Albies
|
0-0: Swinging Strike 0-1: SINGLE (Line Drive, 7S, EV 91.9 MPH)
|
Batting: LHB Austin Meadows
|
0-0: Foul Ball, location: 2F 0-1: Ball 1-1: Ball 2-1: Called Strike 2-2: Ball 3-2: Strikes out swinging
|
Batting: LHB Juan Soto
|
0-0: 2-RUN HOME RUN (Flyball, 9LD, EV 89.4 MPH), Distance : 354 ft
|
Batting: RHB Alex Bregman
|
0-0: Ball 1-0: Swinging Strike 1-1: Swinging Strike 1-2: Ball 2-2: Ball 3-2: Base on Balls
|
Batting: LHB Matt Olson
|
0-0: Ball 1-0: SINGLE (Line Drive, 56D, EV 99.4 MPH) Alex Bregman to second
|
Batting: SHB Yasmani Grandal
|
0-0: Called Strike 0-1: Ball 1-1: Foul Ball, location: 2F 1-2: Ball 2-2: DOUBLE (Line Drive, 7LM, EV 95.6 MPH) Alex Bregman scores Matt Olson to third
|
Batting: SHB Cole Tucker
|
0-0: Intentional Walk
|
Pitching: LHP Sam Selman
|
|
Batting: LHB Brett Phillips
|
0-0: Called Strike 0-1: Ball 1-1: Called Strike 1-2: Strikes out swinging
|
Batting: RHB Lincoln Henzman
|
0-0: Fly out, F8 (Flyball, 8LD, EV 78.1 MPH)
|
Top of the 5th over - 3 runs, 4 hits, 0 errors, 3 left on base; St. Louis 6 - San Francisco 4 |
BOTTOM OF THE 5TH |
San Francisco Giants batting - Pitching for St. Louis Cardinals : RHP Lincoln Henzman
|
Batting: LHB Cavan Biggio
|
0-0: Ball 1-0: Ball 2-0: Foul Ball, location: 2F 2-1: Ball 3-1: Foul Ball, location: 2F 3-2: Base on Balls
|
Batting: RHB Austin Slater
|
0-0: Foul Ball, location: 2F 0-1: Foul Ball, location: 2F 0-2: Ball 1-2: Fly out, F7 (Flyball, 7LD, EV 105.0 MPH)
|
Batting: LHB Daniel Palka
|
0-0: Called Strike Cavan Biggio steals 2nd base 0-1: Swinging Strike 0-2: SINGLE (Line Drive, 89S, EV 105.6 MPH) Cavan Biggio to third Runner from 3rd tries for Home, SAFE, throw by RF to home
|
Batting: RHB David Bote
|
0-0: Ball 1-0: Fly out, F5 (Popup, 56S, EV 79.4 MPH)
|
Batting: LHB Travis Jankowski
|
0-0: Called Strike Daniel Palka steals 2nd base 0-1: Swinging Strike 0-2: Ball 1-2: Reached on error, E6 (Groundball, 6, EV 76.3 MPH) Daniel Palka to third
|
Pinch Hitting: RHB Jamie Westbrook
|
0-0: Ball 1-0: Fielders Choice at 2nd, 5-4 (Groundball, 5, EV 88.1 MPH)
|
Bottom of the 5th over - 1 run, 1 hit, 1 error, 2 left on base; St. Louis 6 - San Francisco 5 |
TOP OF THE 6TH |
St. Louis Cardinals batting - Pitching for San Francisco Giants : LHP Sam Selman
|
Pitching: LHP Jalen Beeks
|
|
Pinch Hitting: RHB Nick Senzel
|
0-0: Ball 1-0: Ball 2-0: Ball 3-0: Called Strike 3-1: Base on Balls
|
Pinch Hitting: RHB Adolis Garcia
|
0-0: Foul Ball, location: 2F 0-1: Ball 1-1: SINGLE (Groundball, 6M, EV 93.8 MPH) Nick Senzel to second Runner from 2nd tries for 3rd, SAFE, throw by CF made to third
|
Pinch Hitting: RHB Taylor Ward
|
0-0: Swinging Strike 0-1: Foul Ball, location: 2F 0-2: Ball 1-2: Foul Ball, location: 2F 1-2: Foul Ball, location: 2F 1-2: Ground out 6-3 (Groundball, 56S, EV 90.6 MPH) Adolis Garcia to second
|
Pinch Hitting: RHB Yu Chang
|
0-0: Called Strike 0-1: Ball 1-1: Ball 2-1: Ball 3-1: SINGLE (Line Drive, 9LM, EV 105.0 MPH) Nick Senzel scores Adolis Garcia to third
|
Pinch Hitting: RHB Hernan Perez
|
0-0: Ball 1-0: Ground out 4-3 (Groundball, 6, EV 86.9 MPH) Yu Chang to second
|
Batting: SHB Yasmani Grandal
|
0-0: Intentional Walk
|
Pinch Hitting: RHB Brendan Rodgers
|
0-0: Foul Ball, location: 2F 0-1: Foul Ball, location: 2F 0-2: Strikes out looking
|
Top of the 6th over - 1 run, 2 hits, 0 errors, 3 left on base; St. Louis 7 - San Francisco 5 |
BOTTOM OF THE 6TH |
San Francisco Giants batting - Pitching for St. Louis Cardinals : RHP Lincoln Henzman
|
Now at 1B: Jose Alberto Martinez
|
|
Now at 2B: Hernan Perez
|
|
Now at 3B: Nick Senzel
|
|
Now at SS: Brendan Rodgers
|
|
Now in LF: Jason Martin
|
|
Now in RF: Adolis Garcia
|
|
Batting: RHB Tim Anderson
|
0-0: Ball 1-0: Ball 2-0: Ground out 6-3 (Groundball, 56, EV 91.3 MPH)
|
Pinch Hitting: RHB Kevin Padlo
|
0-0: Ball 1-0: Ground out 4-3 (Groundball, 4, EV 103.8 MPH)
|
Batting: RHB Welington Castillo
|
0-0: Ball 1-0: Ball 2-0: Foul Ball, location: 2F 2-1: Fly out, F9 (Flyball, 9LM, EV 86.9 MPH)
|
Bottom of the 6th over - 0 runs, 0 hits, 0 errors, 0 left on base; St. Louis 7 - San Francisco 5 |
TOP OF THE 7TH |
St. Louis Cardinals batting - Pitching for San Francisco Giants : LHP Jalen Beeks
|
Pitching: RHP Stephen Nogosek
|
|
Now at 1B: Kevin Padlo
|
|
Pinch Hitting: RHB Harrison Bader
|
0-0: Called Strike 0-1: Foul Ball, location: 2F 0-2: Strikes out swinging
|
Pinch Hitting: SHB Domingo Leyba
|
0-0: Swinging Strike 0-1: Swinging Strike 0-2: Strikes out swinging
|
Batting: RHB Nick Senzel
|
0-0: Ground out 5-3 (Groundball, 56, EV 96.3 MPH)
|
Top of the 7th over - 0 runs, 0 hits, 0 errors, 0 left on base; St. Louis 7 - San Francisco 5 |
BOTTOM OF THE 7TH |
San Francisco Giants batting - Pitching for St. Louis Cardinals : RHP Lincoln Henzman
|
Pitching: RHP Marcos Molina
|
|
Now in CF: Harrison Bader
|
|
Batting: LHB Cavan Biggio
|
0-0: Ball 1-0: Ball 2-0: DOUBLE (Flyball, 78D, EV 111.3 MPH)
|
Batting: RHB Austin Slater
|
0-0: Ball 1-0: Sac Bunt to 15S - play at first, batter OUT! 1-3 Cavan Biggio to third
|
Batting: LHB Daniel Palka
|
0-0: Ball 1-0: Swinging Strike 1-1: Swinging Strike 1-2: Ball 2-2: Foul Ball, location: 2F 2-2: Strikes out swinging
|
Batting: RHB David Bote
|
0-0: Ball 1-0: Ball 2-0: Foul Ball, location: 2F 2-1: Fly out, F5 (Popup, 56S, EV 75.6 MPH)
|
Bottom of the 7th over - 0 runs, 1 hit, 0 errors, 1 left on base; St. Louis 7 - San Francisco 5 |
TOP OF THE 8TH |
St. Louis Cardinals batting - Pitching for San Francisco Giants : RHP Stephen Nogosek
|
Batting: RHB Adolis Garcia
|
0-0: Foul Ball, location: 2F 0-1: Foul Ball, location: 2F 0-2: Strikes out looking
|
Batting: RHB Jose Alberto Martinez
|
0-0: Ball 1-0: Fly out, F9 (Flyball, 9D, EV 95.0 MPH)
|
Batting: LHB Jason Martin
|
0-0: Ball 1-0: Called Strike 1-1: Ball 2-1: Called Strike 2-2: Strikes out swinging
|
Top of the 8th over - 0 runs, 0 hits, 0 errors, 0 left on base; St. Louis 7 - San Francisco 5 |
BOTTOM OF THE 8TH |
San Francisco Giants batting - Pitching for St. Louis Cardinals : RHP Marcos Molina
|
Batting: LHB Travis Jankowski
|
0-0: Called Strike 0-1: Swinging Strike 0-2: SINGLE (Line Drive, 4MD, EV 109.4 MPH)
|
Batting: RHB Stephen Nogosek
|
0-0: Sac Bunt to P - play at first, batter OUT! 1-4 Travis Jankowski to second
|
Batting: RHB Tim Anderson
|
0-0: Swinging Strike 0-1: Foul Ball, location: 2F 0-2: Ball 1-2: Strikes out swinging
|
Batting: RHB Kevin Padlo
|
0-0: SINGLE (Line Drive, 5D, EV 96.3 MPH) Travis Jankowski to third Runner from 3rd tries for Home, SAFE, no throw by LF
|
Batting: RHB Welington Castillo
|
0-0: Ball 1-0: Called Strike 1-1: Fly out, F8 (Flyball, 8RS, EV 86.3 MPH)
|
Bottom of the 8th over - 1 run, 2 hits, 0 errors, 1 left on base; St. Louis 7 - San Francisco 6 |
TOP OF THE 9TH |
St. Louis Cardinals batting - Pitching for San Francisco Giants : RHP Stephen Nogosek
|
Pitching: RHP Chris Devenski
|
|
Batting: RHB Hernan Perez
|
0-0: Ball 1-0: Ball 2-0: SOLO HOME RUN (Flyball, 7D, EV 100.6 MPH), Distance : 424 ft
|
Pinch Hitting: RHB Connor Wong
|
0-0: Called Strike 0-1: Ball 1-1: Reached on error, E1 (Groundball, 13S, EV 69.4 MPH)
|
Batting: RHB Brendan Rodgers
|
0-0: Fly out, F9 (Line Drive, 9, EV 92.5 MPH)
|
Batting: RHB Harrison Bader
|
0-0: Called Strike 0-1: Ball 1-1: Foul Ball, location: 2F 1-2: Foul Ball, location: 2F 1-2: Foul Ball, location: 2F 1-2: Foul Ball, location: 2F 1-2: Ball 2-2: Fly out, F7 (Flyball, 7LS, EV 76.9 MPH)
|
Pinch Hitting: RHB Luis Urias
|
0-0: Ball 1-0: Foul Ball, location: 2F 1-1: Foul Ball, location: 2F 1-2: Foul Ball, location: 2F 1-2: Ball 2-2: Ball 3-2: Base on Balls Connor Wong to second
|
Batting: RHB Nick Senzel
|
0-0: Ball 1-0: Ball 2-0: Foul Ball, location: 2F 2-1: Called Strike 2-2: Strikes out swinging
|
Top of the 9th over - 1 run, 1 hit, 1 error, 2 left on base; St. Louis 8 - San Francisco 6 |
BOTTOM OF THE 9TH |
San Francisco Giants batting - Pitching for St. Louis Cardinals : RHP Marcos Molina
|
Pitching: RHP Dellin Betances
|
|
Now at C: Yan Gomes
|
|
Batting: LHB Cavan Biggio
|
0-0: Called Strike 0-1: Ball 1-1: Foul Ball, location: 2F 1-2: Ball 2-2: Strikes out swinging
|
Batting: RHB Austin Slater
|
0-0: Called Strike 0-1: Fly out, F7 (Flyball, 78M, EV 87.5 MPH)
|
Batting: LHB Daniel Palka
|
0-0: Called Strike 0-1: Ball 1-1: Swinging Strike 1-2: Strikes out swinging
|
Bottom of the 9th over - 0 runs, 0 hits, 0 errors, 0 left on base; St. Louis 8 - San Francisco 6 |
|